 Dungeon Crawl Stone Soup version 0.23-a0-586-gacb4b3f (webtiles) character file.

46952 BoppinsLewinski the Fencer (level 14, -5/126 HPs)
             Began as a Minotaur Fighter on Dec 19, 2018.
             Was a Believer of Uskayaw.
             Killed from afar by an orc warrior (42 damage)
             ... with an exploding inner flame
             ... led by an orc knight
             ... hexed by the player character
             ... on level 2 of the Orcish Mines.
             The game lasted 01:26:45 (21026 turns).

BoppinsLewinski the Fencer (Minotaur Fighter)      Turns: 21026, Time: 01:26:47

Health: -5/126     AC: 24    Str: 25    XL:     14   Next: 6%
Magic:  2/18       EV: 13    Int:  5    God:    Uskayaw [**....]
Gold:   1172       SH: 13    Dex: 17    Spells: 13/13 levels left

rFire    . . .     SeeInvis .   H - +6 scimitar
rCold    + . .     Gourm    .   c - +0 shield
rNeg     + + +     Faith    .   d - +4 chain mail of a Thousand Lovers {rN+}
rPois    .         Spirit   .   D - +1 hat
rElec    .         Reflect  .   (no cloak)
rCorr    .         Harm     .   J - +2 pair of gloves of the Orcish Mines {rC+ rN+ Slay+2}
MR       +....                  P - +2 pair of boots {run}
Stlth    ..........             (no amulet)
HPRegen  0.31/turn              b - +6 ring of dexterity
MPRegen  0.16/turn              o - ring of positive energy

@: quick
A: retaliatory headbutt, horns 2
a: Stomp, Line Pass, Renounce Religion


You were on level 2 of the Orcish Mines.
You worshipped Uskayaw.
Uskayaw was noncommittal.
You were full.

You visited 4 branches of the dungeon, and saw 19 of its levels.
You visited 1 bazaar.
You also visited: Gauntlet.

You collected 1956 gold pieces.
You spent 784 gold pieces at shops.

Inventory:

Hand Weapons
 H - a +6 scimitar (weapon)
 Q - a +2 scimitar of flaming
 V - the +4 rapier "Raakh" {pierce, rF+ MR+ Dex+2 SInv}
   (You took it off a minotaur in a Gauntlet)

   It inflicts extra damage upon your enemies.
   It affects your dexterity (+2).
   It protects you from fire.
   It affects your resistance to hostile enchantments.
   It lets you see invisible.
Armour
 c - a +0 shield (worn)
 d - the +4 chain mail of a Thousand Lovers (worn) {rN+}
   (You found it on level 6 of the Lair of Beasts)

   It protects you from negative energy.
 D - a +1 hat (worn)
 J - the +2 pair of gloves of the Orcish Mines (worn) {rC+ rN+ Slay+2}
   (You found it on level 2 of the Lair of Beasts)

   It affects your accuracy and damage with ranged weapons and melee attacks
   (+2).
   It protects you from cold.
   It protects you from negative energy.
 L - a +2 plate armour of cold resistance
 P - a +2 pair of boots of running (worn)
Jewellery
 b - a +6 ring of dexterity (left hand)
 g - an uncursed ring of poison resistance
 o - a ring of positive energy (right hand)
 s - an uncursed amulet of regeneration
 v - the ring "Uvvequr" {rElec rPois Int-5 Slay-6 Stlth+}
   (You found it in a Gauntlet)

   [ring of stealth]

   It affects your intelligence (-5).
   It affects your accuracy and damage with ranged weapons and melee attacks
   (-6).
   It insulates you from electricity.
   It protects you from poison.
   It makes you more stealthy.
 N - an uncursed ring of ice
Wands
 l - a wand of random effects (19)
 p - a wand of iceblast (16)
 x - a wand of clouds (7)
 E - a wand of disintegration (8)
 O - a wand of flame (22)
 W - a wand of enslavement (9)
 Z - a wand of paralysis (9)
Scrolls
 i - 7 scrolls of remove curse
 k - 2 scrolls of silence
 m - 8 scrolls of teleportation
 q - 3 scrolls of blinking
 t - a scroll of immolation
 y - 2 scrolls of identify
 A - a scroll of magic mapping
 F - 4 scrolls of enchant armour
 G - a scroll of random uselessness {unknown}
 I - a scroll of fog
 K - a scroll of fear {unknown}
 M - 4 scrolls of enchant weapon
 R - a scroll of summoning {unknown}
Potions
 a - a potion of berserk rage
 e - 4 potions of haste
 h - 3 potions of flight
 j - 2 potions of cancellation
 n - 6 potions of heal wounds
 r - a potion of invisibility
 u - 4 potions of curing
 w - a potion of resistance
 z - 2 potions of magic
 B - 5 potions of ambrosia
 C - 2 potions of might
 S - a potion of mutation {unknown}
 T - a potion of agility
 U - a potion of experience {unknown}
Miscellaneous
 X - a lamp of fire
 Y - a phial of floods
Comestibles
 f - 29 rations


   Skills:
 + Level 12.2 Fighting
 + Level 15.8 Long Blades
 + Level 12.1 Armour
 + Level 7.9 Dodging
 - Level 5.3 Stealth
 + Level 12.1 Shields
 + Level 7.1 Invocations


You had 13 spell levels left.
You didn't know any spells.
Your spell library contained the following spells:

 Spells                   Type           Power        Failure   Level  Hunger
 Apportation              Tloc           #.....       98%         1    ##.....
 Beastly Appendage        Tmut           #.....       98%         1    ##.....
 Sandblast                Erth           #.....       98%         1    ##.....
 Summon Butterflies       Summ           #.......     98%         1    ##.....
 Passwall                 Tmut/Erth      #.......     99%         2    ###....
 Sticks to Snakes         Tmut           #.......     99%         2    ###....
 Lesser Beckoning         Tloc           #.........   100%        3    ####...
 Spider Form              Tmut/Pois      #.........   100%        3    ####...
 Stone Arrow              Conj/Erth      #.....       100%        3    ####...
 Tukima's Dance           Hex            #.......     100%        3    ####...
 Ice Form                 Ice/Tmut       #.......     100%        4    #####..
 Petrify                  Tmut/Erth      #.......     100%        4    #####..
 Summon Lightning Spire   Summ/Air       #.......     100%        4    #####..
 Alistair's Intoxication  Tmut/Pois      #.......     100%        5    ######.
 Blade Hands              Tmut           #.........   100%        5    ######.
 Bolt of Magma            Conj/Fire/Erth #.........   100%        5    ######.
 Iskenderun's Battlesphe  Conj/Chrm      #.......     100%        5    ######.
 Lee's Rapid Deconstruct  Erth           #.........   100%        5    ######.
 Silence                  Hex/Air        #.........   100%        5    ######.
 Venom Bolt               Conj/Pois      #.........   100%        5    ######.
 Conjure Ball Lightning   Conj/Air       #.........   100%        6    #######
 Deflect Missiles         Chrm/Air       #.........   100%        6    #######
 Invisibility             Hex            #.......     100%        6    #######
 Iron Shot                Conj/Erth      #.........   100%        6    #######
 Orb of Destruction       Conj           #.........   100%        7    #######
 Spellforged Servitor     Conj/Summ      #.........   100%        7    #######
 Tornado                  Air            #.........   100%        9    #######


Dungeon Overview and Level Annotations

Branches:
Dungeon (10/15)            Temple (1/1) D:4            Lair (6/6) D:9
 Shoals (0/4) Lair:4       Spider (0/4) Lair:3        Slime (0/5) Lair:5
    Orc (2/2) D:10            Elf (0/3) Orc:2

Altars:
Ashenzari
Cheibriados
Dithmenos
Elyvilon
Fedhas
Gozag
Hepliaklqana
Kikubaaqudgha
Makhleb
Nemelex Xobeh
Okawaru
Qazlal
Ru
Sif Muna
Trog
Uskayaw
Vehumet
Wu Jian
Xom
Yredelemnul
Zin
The Shining One
Jiyva

Shops:
D:7 [   D:8 *

Annotations:
D:5 3 runed doors, avis's ghost, novice KoMo
D:7 3 runed doors, AverageBear's ghost, novice DDFi
D:8 1 transporter
Lair:5 exclusions: 2 oklob plants and 1 more exclusion
Lair:6 exclusion: oklob plant
Orc:2 1 exclusion


Innate Abilities, Weirdness & Mutations

You reflexively headbutt those who attack you in melee.
You have a pair of horns on your head.


Message History

You block the orc warrior's attack. x2
The orc warlord roars a battlecry!
The orcs go into a battle-frenzy!
The orc knight hits you with a +0 great sword!!
You block the orc's attack.
You hear a howl!
You hit the orc. You headbutt the orc.
The orc explodes!
The fiery explosion engulfs the orc.
The orc explodes!
The fiery explosion engulfs you!
* * * LOW HITPOINT WARNING * * *
The fiery explosion engulfs the orc knight.
The orc knight is almost dead.
The fiery explosion engulfs the orc.
The orc explodes!
The fiery explosion engulfs the orc warrior.
The orc warrior explodes!
The fiery explosion engulfs you!
You die...

.....#....[).[#.#*,,,,*,,,,,*,,,#
.........[.[)...#**,,##*,,,,**+*#
.#.......)....#.# *,,.#.,,,,,,,,#
................# *,ooO.,,,,,,,,#
..............#.# *oo...,,,,,,,,#
................#*#oooh.,,,,,,,,#
..............#.##ooo...,,,,,,,,#
................#§oh....,,,,,,,,#
...............§@o§o..#****,,,,,#
...............§§§.o.##*****,,**#
................#§§.....,,,,,,*,#
................##......,,,,,,*,#
.........#....#.#*#.....,,,,,,*,#
........#.....### *#....,,,,,,+,#
#..#..####.#...# *####*########
....#.#######.## #.....<)
........## ### #....#.)


You could see an orc warlord (inner flame), an orc knight (inner flame), 2
wargs, 6 orc warriors, an ogre, an orc priest (inner flame) and 5 orcs.

Vanquished Creatures
  An orc warlord (Orc:1)
  A minotaur (Gauntlet)
  Snorg (Lair:3)
  4 hydras
  An ice dragon (Lair:6)
  A ghost crab (Gauntlet)
  2 two-headed ogres
  Erica (D:9)
  Sonja (Lair:2)
  An unseen horror (D:10)
  A lindwurm (Lair:6)
  Pikel (D:6)
  An orc knight (Orc:2)
  An orc sorcerer (Orc:2)
  An oklob plant (Lair:5)
  6 elephants (Lair:3)
  A moth of wrath (Gauntlet)
  Psyche (D:9)
  3 black mambas
  6 torpor snails
  11 spiny frogs
  A queen bee (D:10)
  3 komodo dragons
  3 polar bears
  6 trolls
  7 hornets (Lair:6)
  4 tyrant leeches (Lair:6)
  16 blink frogs
  6 hippogriffs
  2 redbacks (Gauntlet)
  23 yaks
  2 wyverns
  3 basilisks
  A steam dragon (D:10)
  Menkaure (D:4)
  6 wargs
  11 water moccasins
  7 porcupines
  19 orc warriors
  2 ice beasts (D:7)
  4 sky beasts
  A necrophage (D:6)
  5 wolves (Lair:5)
  8 ogres
  5 centaurs
  12 crocodiles
  7 big kobolds
  12 bullfrogs
  2 scorpions (D:8)
  24 killer bees (D:10)
  12 wights
  6 howler monkeys
  2 crimson imps
  2 bullfrog zombies
  A centaur zombie (D:6)
  5 hounds
  14 orc priests
  3 bullfrog skeletons
  5 jellies
  A centaur skeleton (D:10)
  Jessica (D:2)
  3 iguanas
  15 orc wizards
  15 worker ants
  A hound zombie (D:8)
  3 hound skeletons
  The ghost of kylix the Ruffian, a weakling VSMo (D:3)
  Robin (D:2)
  13 adders
  8 gnolls
  A howler monkey skeleton (D:5)
  3 adder zombies
  3 adder skeletons
  2 worms
  A dart slug (D:3)
  5 leopard geckos
  58 orcs
  A ball python (D:2)
  5 giant cockroaches
  14 goblins
  6 hobgoblins
  12 jackals
  8 quokkas
  A ball python skeleton (D:5)
  4 bats
  4 frilled lizards
  A giant cockroach zombie (D:5)
  A jackal skeleton (D:6)
  37 kobolds
  A leopard gecko zombie (D:5)
  6 rats
  2 fungi (D:9)
  A plant (Lair:6)
539 creatures vanquished.

Vanquished Creatures (others)
  A killer bee (D:10)
  A kobold (D:10)
  3 fungi
  15 plants
20 creatures vanquished.

Grand Total: 559 creatures vanquished

Notes
Turn   | Place    | Note
-------+----------+-------------------------------------------
     0 | D:1      | BoppinsLewinski the Minotaur Fighter began the quest for
                  | the Orb.
     0 | D:1      | Reached XP level 1. HP: 19/19 MP: 0/0
   191 | D:1      | Reached XP level 2. HP: 25/27 MP: 1/1
  1052 | D:2      | Reached skill level 3 in Long Blades
  1052 | D:2      | Reached XP level 3. HP: 30/33 MP: 2/2
  1091 | D:2      | Reached skill level 1 in Dodging
  1695 | D:2      | Noticed Robin
  1705 | D:2      | Reached XP level 4. HP: 24/40 MP: 3/3
  1708 | D:2      | Killed Robin
  2147 | D:2      | Noticed Jessica
  2152 | D:2      | Killed Jessica
  2303 | D:2      | Reached skill level 4 in Long Blades
  2755 | D:3      | Reached XP level 5. HP: 45/47 MP: 4/4
  2847 | D:3      | Found a runed door.
  2848 | D:3      | Noticed kylix's ghost (weakling VSMo)
  2873 | D:3      | Killed kylix's ghost
  2879 | D:3      | Got a polished hand axe
  2896 | D:3      | Identified the +4 hand axe "Lakkesk" {flame, rElec MR++
                  | Dex-3 Stlth+} (You found it on level 3 of the Dungeon)
  3265 | D:3      | Found a deep blue altar of Sif Muna.
  3702 | D:4      | Noticed Menkaure
  3705 | D:4      | Killed Menkaure
  3705 | D:4      | Reached skill level 5 in Fighting
  3705 | D:4      | Reached skill level 5 in Long Blades
  3705 | D:4      | Reached skill level 5 in Armour
  3705 | D:4      | Reached skill level 5 in Shields
  3705 | D:4      | Reached XP level 6. HP: 56/56 MP: 5/5
  4018 | D:4      | Found a staircase to the Ecumenical Temple.
  4053 | D:4      | Reached XP level 7. HP: 61/61 MP: 6/6
  4086 | Temple   | Entered the Ecumenical Temple
  4336 | Temple   | Became a worshipper of Uskayaw the Reveler
  4452 | D:4      | Reached * piety under Uskayaw
  4456 | D:4      | Reached skill level 6 in Long Blades
  4472 | D:4      | Reached ** piety under Uskayaw
  4579 | D:5      | Entered Level 5 of the Dungeon
  4653 | D:5      | Reached skill level 1 in Stealth
  4881 | D:5      | Reached *** piety under Uskayaw
  4909 | D:5      | Found an opulent altar of Gozag.
  4983 | D:5      | Found a runed gate.
  5013 | D:5      | Reached skill level 7 in Long Blades
  5013 | D:5      | Reached XP level 8. HP: 63/70 MP: 7/7
  5048 | D:5      | Noticed avis's ghost (novice KoMo)
  5086 | D:5      | Found a runed gate.
  5086 | D:5      | Found a runed gate.
  5705 | D:6      | Noticed Pikel
  5713 | D:6      | Killed Pikel
  5713 | D:6      | Reached skill level 8 in Long Blades
  6529 | D:6      | Reached XP level 9. HP: 75/78 MP: 8/8
  6688 | D:7      | Reached **** piety under Uskayaw
  6700 | D:7      | Reached skill level 9 in Long Blades
  6847 | D:7      | Found Derycemn's Armour Boutique.
  7179 | D:7      | Found a runed gate.
  7179 | D:7      | Found a runed gate.
  7453 | D:7      | Found a runed gate.
  7508 | D:7      | Noticed AverageBear's ghost (novice DDFi)
  7637 | D:8      | Reached ***** piety under Uskayaw
  7643 | D:8      | Found Oboatisch's Assorted Antiques.
  7763 | D:8      | Reached skill level 10 in Long Blades
  8338 | D:8      | Found a sparkling altar of Nemelex Xobeh.
  8338 | D:8      | Found a transporter.
  8338 | D:8      | Noticed a cyclops
  8373 | D:8      | Reached XP level 10. HP: 76/88 MP: 9/9
  9013 | D:9      | Found a staircase to the Lair.
  9078 | D:9      | Noticed Psyche
  9085 | D:9      | Killed Psyche
  9164 | D:9      | Reached skill level 11 in Long Blades
  9396 | D:9      | Reached skill level 5 in Stealth
  9480 | D:9      | Noticed Erica
  9491 | D:9      | Killed Erica
  9723 | Lair:1   | Entered Level 1 of the Lair of Beasts
  9860 | Lair:1   | Found a basalt altar of Yredelemnul.
  9888 | Lair:1   | Noticed a spiny frog
  9894 | Lair:1   | Killed a spiny frog
  9894 | Lair:1   | Reached XP level 11. HP: 92/97 MP: 10/10
  9954 | Lair:1   | Reached skill level 1 in Invocations
 10770 | Lair:2   | Reached skill level 12 in Long Blades
 10771 | Lair:2   | Noticed Sonja
 10781 | Lair:2   | Killed Sonja
 11140 | Lair:2   | Noticed a five-headed hydra
 11149 | Lair:2   | Killed a two-headed hydra
 11324 | Lair:2   | Got a pair of fine gloves
 11335 | Lair:2   | Identified the +2 pair of gloves of the Orcish Mines {rC+
                  | rN+ Slay+2} (You found it on level 2 of the Lair of Beasts)
 11775 | Lair:3   | Found a gate leading to a gauntlet.
 11835 | Gauntlet | Entered a Gauntlet
 11835 | Gauntlet | Found a transporter.
 11835 | Gauntlet | Found a transporter.
 11842 | Gauntlet | Found a transporter.
 11844 | Gauntlet | Found a transporter.
 11852 | Gauntlet | Noticed a soul eater
 11853 | Gauntlet | Noticed a ghost crab
 11854 | Gauntlet | Found a transporter.
 11920 | Gauntlet | Found a transporter.
 11931 | Gauntlet | Noticed a tengu warrior
 11936 | Gauntlet | Found a transporter.
 11945 | Gauntlet | Found a transporter.
 11955 | Gauntlet | Found a transporter.
 11956 | Gauntlet | Noticed a wizard
 11970 | Gauntlet | Found a transporter.
 11976 | Gauntlet | Found a transporter.
 11997 | Gauntlet | Found a transporter.
 12168 | Gauntlet | Reached skill level 10 in Fighting
 12566 | Gauntlet | Identified a +2 pair of boots of running (You found it in a
                  | Gauntlet)
 12606 | Gauntlet | Killed a ghost crab
 12606 | Gauntlet | Reached skill level 10 in Shields
 12654 | Gauntlet | Got a slimy steel ring
 12662 | Gauntlet | Identified the ring "Uvvequr" {rElec rPois Int-5 Slay-6
                  | Stlth+} (You found it in a Gauntlet)
 12741 | Gauntlet | Identified the +4 rapier "Raakh" {pierce, rF+ MR+ Dex+2
                  | SInv}
 12741 | Gauntlet | Noticed a minotaur
 12758 | Gauntlet | Killed a minotaur
 12758 | Gauntlet | Reached skill level 13 in Long Blades
 12758 | Gauntlet | Reached skill level 10 in Armour
 13255 | Lair:3   | Noticed Snorg
 13284 | Lair:3   | Killed Snorg
 13853 | Lair:3   | Reached XP level 12. HP: 107/107 MP: 13/13
 13970 | Lair:3   | Found a hole to the Spider Nest.
 14281 | Lair:3   | Reached skill level 5 in Dodging
 14641 | Lair:4   | Found a staircase to the Shoals.
 14846 | Lair:4   | Reached skill level 14 in Long Blades
 14982 | Lair:4   | Reached skill level 5 in Invocations
 15277 | Lair:5   | Noticed a five-headed hydra
 15284 | Lair:5   | Killed a two-headed hydra
 15316 | Lair:5   | Noticed a six-headed hydra
 15323 | Lair:5   | Killed a one-headed hydra
 15336 | Lair:5   | Found a viscous altar of Jiyva.
 15336 | Lair:5   | Found a staircase to the Slime Pits.
 15948 | Lair:5   | Reached XP level 13. HP: 116/116 MP: 16/16
 16445 | Lair:6   | Entered Level 6 of the Lair of Beasts
 16703 | Lair:6   | Got a steaming chain mail
 16761 | Lair:6   | Found a runed door.
 16828 | Lair:6   | Reached ****** piety under Uskayaw
 17231 | Lair:6   | Reached skill level 15 in Long Blades
 18360 | D:10     | Entered Level 10 of the Dungeon
 19648 | D:10     | Found a staircase to the Orcish Mines.
 19672 | D:10     | Identified the +4 chain mail of a Thousand Lovers {rN+}
                  | (You found it on level 6 of the Lair of Beasts)
 19694 | Orc:1    | Entered Level 1 of the Orcish Mines
 19733 | Orc:1    | Noticed an orc warlord
 19741 | Orc:1    | Killed an orc warlord
 19986 | Orc:2    | Entered Level 2 of the Orcish Mines
 20238 | Orc:2    | Found a flickering gateway to a bazaar.
 20244 | Orc:2    | Found a staircase to the Elven Halls.
 20260 | Bazaar   | Entered a bazaar
 20267 | Bazaar   | Found Xeiseih's Weapon Shoppe.
 20273 | Bazaar   | Found Gumelas's Magic Scroll Emporium.
 20299 | Bazaar   | Found Unooluh's Assorted Antiques.
 20309 | Bazaar   | Found Amniave's Distillery.
 20316 | Bazaar   | Bought a potion of invisibility for 104 gold pieces
 20316 | Bazaar   | Bought a potion of resistance for 130 gold pieces
 20316 | Bazaar   | Bought a potion of might for 52 gold pieces
 20316 | Bazaar   | Bought a potion of heal wounds for 65 gold pieces
 20325 | Bazaar   | Bought a scroll of identify for 54 gold pieces
 20325 | Bazaar   | Bought a scroll labeled IHOTUIFEAR for 27 gold pieces
 20325 | Bazaar   | Bought a thin ruby amulet for 135 gold pieces
 20365 | Bazaar   | Bought a scroll of identify for 28 gold pieces
 20365 | Bazaar   | Bought a scroll of silence for 105 gold pieces
 20365 | Bazaar   | Bought a scroll of identify for 28 gold pieces
 20380 | Bazaar   | Bought a scroll of identify for 28 gold pieces
 20380 | Bazaar   | Bought a scroll of identify for 28 gold pieces
 20613 | Orc:2    | Reached XP level 14. HP: 126/126 MP: 18/18
 21022 | Orc:2    | Noticed an orc warlord
 21026 | Orc:2    | Killed from afar by an orc warrior

Vault maps used:
D:1:      dpeg_arrival_arbitrary_b
D:2:      uniq_jessica, uniq_robin
D:3:      lemuel_coloured_pillars_altar, ebering_ghost_inner_flame
D:4:      temple_hall, first_ration, uniq_menkaure
D:5:      nicolae_gozag_cash_rules_everything_around_me, gammafunk_ghost_icy
D:6:      uniq_pikel
D:7:      gammafunk_ghost_necromancy, serial_shops, shop
D:8:      serial_shops, shop_statue, grunt_nemelex_the_gamble
D:9:      dpeg_oklobed_lair, blue_anna_alchemist, minmay_liquid_box, uniq_erica,
          uniq_psyche
D:10:     orc_0_dummy, serial_rivers, chequers_serial_rivers_micro_c,
          chequers_serial_rivers_micro_c, chequers_serial_rivers_micro_e,
          chequers_serial_rivers_micro_e, chequers_serial_rivers_room_a,
          special_room
Temple:   regret_index_temple_chain_breaker
Lair:1:   basic_altar, st_stairs_3
Lair:2:   serial_bayou_shore_a, uniq_sonja
Lair:3:   spider_nest_entry_web_field, gauntlet_entry_generic, uniq_snorg
Lair:4:   elwin_shoals_entry_rocks, lemuel_fruit_tree
Lair:5:   slime_altar_1, chequers_serial_rivers_large_a,
          minmay_lair_oklob_chamber, grunt_megastairs_3
Lair:6:   hangedman_lair_in_review, wormcave
Orc:1:    kennysheep_orc_chapel
Orc:2:    st_orc_elflike, serial_shops, bzr_entry_water, minmay_orc_treasury
Bazaar:   bazaar_kb_twisted_cavern
Gauntlet: gammafunk_gauntlet_shortcut

Skill      XL: |  1  2  3  4  5  6  7  8  9 10 11 12 13 |
---------------+----------------------------------------+-----
Armour         | 4 5 6 8 9 10 11 12 | 12.1
Shields        | 4 5 6 7 8 9 10 11 12 | 12.1
Fighting       | 4 5 6 8 9 10 11 12 | 12.2
Long Blades    | 3 4 5 7 8 10 11 13 14 15 | 15.8
Dodging        | 1 4 6 7 |  7.9
Stealth        | 1 3 4 5 |  5.3
Invocations    | 3 5 7 |  7.1

Action                   |  1- 3 |  4- 6 |  7- 9 | 10-12 | 13-15 || total
-------------------------+-------+-------+-------+-------+-------++-------
Melee: Long sword        |   111 |   150 |   244 |       |       ||   505
       Headbutt          |    12 |    28 |    76 |   121 |    97 ||   334
       Scimitar          |       |       |    91 |   479 |   379 ||   949
       Rapier            |       |       |       |       |     6 ||     6
Throw: Throwing net      |       |       |       |     1 |       ||     1
Invok: Stomp             |       |       |    12 |    21 |    20 ||    53
       Line Pass         |       |       |     3 |     7 |     9 ||    19
Evoke: Lamp of fire      |       |       |       |     1 |       ||     1
       Wand              |       |       |       |       |     9 ||     9
  Use: Potion            |     1 |       |     1 |     4 |     1 ||     7
       Scroll            |       |     1 |     6 |    14 |    10 ||    31
 Stab: Paralysed         |       |       |     8 |    16 |    25 ||    49
       Confused          |       |       |     2 |     1 |     1 ||     4
       Held in net/web   |       |       |       |     1 |       ||     1
  Eat: Chunk             |     2 |     8 |    13 |     4 |     5 ||    32
       Ration            |       |       |     1 |     8 |     6 ||    15
Armor: Scale mail        |    63 |    50 |    91 |     8 |       ||   212
       Chain mail        |       |    27 |    39 |       |    54 ||   120
       Plate armour      |       |       |       |   247 |    99 ||   346
Dodge: Dodged            |    45 |    49 |    88 |   111 |   122 ||   415
Block: Shield            |    62 |    96 |   170 |   292 |   221 ||   841
       Rpst.: Long sword |    11 |    14 |    19 |       |       ||    44
       Scimitar          |       |       |     6 |    20 |    24 ||    50

Table legend:
 A = Non-vault XP
 B = Vault XP
 C = Vault XP percentage of total XP
 D = Non-vault monster count
 E = Vault monster count
 F = Vault count percentage of total count
                 A         B        C        D         E       F
            +---------+---------+-------+---------+---------+-------
      Total |   47560 |   19515 |  29.1 |     458 |      78 |  14.6
            +---------+---------+-------+---------+---------+-------
        D:1 |      29 |       0 |   0.0 |      17 |       0 |   0.0
        D:2 |      88 |      73 |  45.3 |      19 |      12 |  38.7
        D:3 |     118 |      58 |  33.0 |      23 |       2 |   8.0
        D:4 |     388 |     175 |  31.1 |      22 |       1 |   4.3
        D:5 |     681 |       0 |   0.0 |      24 |       0 |   0.0
        D:6 |     579 |     629 |  52.1 |      13 |       1 |   7.1
        D:7 |    1131 |       0 |   0.0 |      30 |       0 |   0.0
        D:8 |    2037 |       0 |   0.0 |      49 |       0 |   0.0
        D:9 |    1815 |    1476 |  44.8 |      34 |       3 |   8.1
       D:10 |    3653 |    1502 |  29.1 |      33 |      20 |  37.7
     Lair:1 |    2384 |       0 |   0.0 |      13 |       0 |   0.0
     Lair:2 |    3043 |     814 |  21.1 |      11 |       1 |   8.3
     Lair:3 |    7331 |    1129 |  13.3 |      26 |       1 |   3.7
     Lair:4 |    5198 |       0 |   0.0 |      20 |       0 |   0.0
     Lair:5 |    6828 |    1863 |  21.4 |      27 |       4 |  12.9
     Lair:6 |    4123 |    6879 |  62.5 |      16 |      18 |  52.9
      Orc:1 |    4409 |       0 |   0.0 |      32 |       0 |   0.0
      Orc:2 |    3725 |    1913 |  33.9 |      49 |      10 |  16.9
   Gauntlet |       0 |    3004 | 100.0 |       0 |       5 | 100.0
            +---------+---------+-------+---------+---------+-------
